 Dungeon Crawl Stone Soup version 0.24.0-7-gb3623d2c88 (webtiles) character file.

Game seed: 338001398390763944, levelgen mode: deterministic

284 Monsterracer the Chopper (level 6, 33/57 HPs)
             Began as a Deep Dwarf Fighter on Nov 2, 2019.
             Quit the game on level 5 of the Dungeon.
             The game lasted 00:01:31 (1860 turns).

Monsterracer the Chopper (Deep Dwarf Fighter)       Turns: 1860, Time: 00:01:31

Health: 33/57      AC:  1    Str: 22    XL:     6   Next: 7%
Magic:  2/2        EV:  2    Int:  8    God:
Gold:   134        SH:  0    Dex: -9 (12) Spells: 5/5 levels left

rFire    . . .     SeeInvis .   a - +0 war axe
rCold    . . .     Gourm    .   n - +0 large shield
rNeg     . . .     Faith    .   (no armour)
rPois    +         Spirit   .   (no helmet)
rElec    .         Reflect  .   (no cloak)
rCorr    .         Harm     +   (no gloves)
MR       .....                  i - +0 pair of boots
Stlth    ..........             m - amulet of harm
HPRegen  0.00/turn              l - ring of wizardry
MPRegen  0.08/turn              P - ring of poison resistance

@: mildly poisoned (33 -> 33), non-regenerating, slowed, lost dexterity, very
slow
A: damage resistance, heal wounds, sense surroundings 1, no regeneration
a: Heal Wounds


You were on level 5 of the Dungeon.
You were hungry.

You visited 1 branch of the dungeon, and saw 4 of its levels.

You collected 134 gold pieces.

Inventory:

Hand Weapons
 a - a +0 war axe (weapon)
Armour
 i - a +0 pair of boots (worn)
   (You found it on level 3 of the Dungeon)
 n - a +0 large shield (worn)
   (You found it on level 2 of the Dungeon)
Jewellery
 l - a ring of wizardry (left hand)
   (You found it on level 2 of the Dungeon)
 m - an amulet of harm (around neck)
   (You found it on level 1 of the Dungeon)
 P - a ring of poison resistance (right hand)
   (You found it on level 2 of the Dungeon)
Potions
 b - a potion of lignification
 d - 2 potions of heal wounds
 j - 2 potions of might
Comestibles
 c - 6 rations


   Skills:
 + Level 3.6 Fighting
 * Level 4.7 Axes
 + Level 4.3 Armour
 + Level 4.4 Shields


You had 5 spell levels left.
You didn't know any spells.
Your spell library was empty.

Dungeon Overview and Level Annotations

Branches:
Dungeon (3/15)

Altars:
Cheibriados
The Shining One


Innate Abilities, Weirdness & Mutations

You are resistant to damage.
You can heal yourself by infusing magical energy.
You passively map a small area around you.
You do not regenerate.


Message History

You feel clumsy. The quasit barely misses you.
You are feeling hungry.
You closely miss the quasit.
The quasit is moderately wounded.
You block the quasit's attack. The quasit claws you.
You block the quasit's attack. x2; The quasit claws you.
The quasit claws you but does no damage.
You hit the quasit but do no damage.
The quasit is moderately wounded.
You block the quasit's attack. The quasit claws you.
You feel clumsy. The quasit completely misses you.
You closely miss the quasit.
The quasit is moderately wounded.
You block the quasit's attack. The quasit claws you.
You block the quasit's attack. The quasit bites you. The quasit claws you.
The quasit claws you but does no damage.
You closely miss the quasit.
The quasit is moderately wounded.
You block the quasit's attack. x2
The quasit claws you but does no damage.
The quasit bites you. You block the quasit's attack. The quasit claws you.
You feel clumsy.
You feel much better. You block the quasit's attack. The quasit claws you.
The quasit closely misses you.
You miss the quasit.
The quasit is moderately wounded.
The quasit bites you.
The quasit claws you. x2; The quasit barely misses you.
You block the quasit's attack. The quasit barely misses you.
You block the quasit's attack. The quasit claws you.
You feel clumsy. The quasit claws you.
You feel clumsy.
You closely miss the quasit.
The quasit is moderately wounded.
You block the quasit's attack. x2; The quasit barely misses you.
You miss the quasit.
The quasit is moderately wounded.
The quasit bites you. The quasit claws you.
You feel clumsy.
You block the quasit's attack. x2; The quasit claws you.
The quasit claws you but does no damage.
Your shield prevents you from hitting the quasit.
The quasit is moderately wounded.
You block the quasit's attack. x3; The quasit closely misses you.
You block the quasit's attack. The quasit barely misses you.
You closely miss the quasit.
The quasit is moderately wounded.
The quasit bites you. You block the quasit's attack. The quasit claws you.
You feel clumsy.
You have lost your dexterity.
The quasit bites you. The quasit claws you.
You feel clumsy. The quasit completely misses you.
A centaur comes into view.
The quasit bites you.
You feel clumsy. The quasit claws you. x2
You can move again.
You closely miss the quasit.
The quasit is moderately wounded.
The centaur shouts!
The quasit bites you.
You feel clumsy. The quasit claws you. x2
The quasit bites you but does no damage.
The quasit claws you. x2
You feel clumsy. The quasit bites you. The quasit claws you.
You feel clumsy. The quasit claws you.
You closely miss the quasit.
The quasit is moderately wounded.
The quasit barely misses you. The quasit claws you. x2
The quasit completely misses you. The quasit claws you.
You feel clumsy. The quasit barely misses you.
You closely miss the quasit.
The quasit is moderately wounded.
The centaur wields a cursed -3 shortbow.
The centaur shoots an arrow.
The arrow hits you. The quasit bites you. The quasit completely misses you.
The quasit claws you but does no damage.
The centaur shoots an arrow.
The arrow barely misses you. The quasit bites you.
You feel clumsy.
The quasit claws you. x2; The centaur shoots an arrow.
The arrow barely misses you. The quasit bites you.
You feel clumsy. The quasit claws you. x2
You feel clumsy.
You closely miss the quasit.
The quasit is moderately wounded.
The centaur shoots an arrow.
The arrow barely misses you. The quasit bites you.
The quasit claws you. x2; The centaur shoots an arrow.
The arrow hits you. The quasit bites you.
The quasit claws you but does no damage. x2
The centaur shoots an arrow.
The arrow hits you! The quasit bites you.
The quasit claws you but does no damage.
The quasit claws you.
Are you sure you want to abandon this character and quit the game? (Confirm with "yes".)

,******,,,,,,,,,,,* #######**,,*
,,,,,,,,*,./....#.# *,,*
,,,***,,*,,.....#.# *,,*
,,,***,,**,,....#.# *,,*
,,,,,,,,***,,...#.# ****,,*
,,,,**,*****,#..#.# *,,,,,*
,**,**,,,,,,,#..#.#*#####**,**,**
***,,,,,***###c5#.#<.....,,,,,,*
***,**,** #....@...#******,****
**,,,*,* #.#####.## *,* ,,,*,,,*
*,* *.# *,* ,,,*,,,*****,* *.#
*,* ,*****,,,,,*,* *.# *,*
,,,*,,,***,*,*****.# *,* **,*,,**
*,*,,,,,,.# *,* *,,,,*
*,***<*,*## *,* **,,*,* *,,,,,*,*
*,*


You could see a centaur and a quasit.

Vanquished Creatures
  An orc priest (D:3)
  2 orc wizards (D:3)
  Jessica (D:3)
  A worker ant (D:5)
  5 adders (D:3)
  A shadow imp (D:5)
  2 oozes (D:1 D:3)
  2 worms (D:3)
  A dart slug (D:2)
  2 leopard geckos (D:3)
  14 orcs (D:3)
  4 giant cockroaches (D:1 D:2 D:3)
  9 hobgoblins (D:1 D:2 D:3)
  3 jackals (D:2)
  A quokka (D:3)
  A ball python (D:1)
  3 bats (D:1 D:3)
  3 frilled lizards (D:1 D:2)
  5 goblins (D:1 D:2)
  5 kobolds (D:1 D:2 D:3)
  7 rats (D:1 D:2 D:3)
73 creatures vanquished.

Notes
Turn   | Place    | Note
-------+----------+-------------------------------------------
     0 | D:1      | Monsterracer the Deep Dwarf Fighter began the quest for the
                  | Orb.
     0 | D:1      | Reached XP level 1. HP: 20/20 MP: 1/1
   171 | D:1      | Reached XP level 2. HP: 21/27 MP: 2/2
   802 | D:2      | HP: 13/27 [jackal (1)]
   808 | D:2      | Reached XP level 3. HP: 27/33 MP: 2/2
   915 | D:2      | Found a snail-covered altar of Cheibriados.
  1213 | D:2      | HP: 16/33 [giant cockroach (1)]
  1296 | D:2      | Found a glowing golden altar of the Shining One.
  1449 | D:3      | HP: 17/34 [orc (5)]
  1494 | D:3      | HP: 15/34 [orc wizard/puff of flame (10)]
  1499 | D:3      | Reached XP level 4. HP: 21/42 MP: 3/3
  1499 | D:3      | HP: 19/42 [orc/+0 whip (2)]
  1507 | D:3      | HP: 20/42 [orc/+0 whip (2)]
  1514 | D:3      | HP: 15/42 [orc/+0 short sword (2)]
  1516 | D:3      | HP: 3/42 [worm (11)]
  1579 | D:3      | Reached XP level 5. HP: 33/49 MP: 2/2
  1634 | D:3      | Noticed Jessica
  1645 | D:3      | Killed Jessica
  1804 | D:3      | You fall into a shaft and drop 2 floors!
  1804 | D:5      | Entered Level 5 of the Dungeon
  1838 | D:5      | HP: 21/49 [worker ant (5)]
  1842 | D:5      | Reached XP level 6. HP: 17/57 MP: 2/2
  1854 | D:5      | Lost dexterity.
  1860 | D:5      | Quit the game

Levels and vault maps discovered:
D:1:      wheals_arrival_shading, layout_basic, roderic_serpentine_path
D:2:      layout_loops_cross, kennysheep_slug_shrine, kennysheep_small_spiral,
          tso_altar
D:3:      layout_rooms, st_stairs_10, uniq_jessica
D:5:      layout_loops_ring

Skill      XL: |  1  2  3  4 |
---------------+-------------+-----
Axes           | 3 4 |  4.7
Fighting       | 3 |  3.6
Shields        | 4 |  4.4
Armour         | 4 |  4.3

Action                   |  1- 3 |  4- 6 || total
-------------------------+-------+-------++-------
Melee: War axe           |    98 |   110 ||   208
 Abil: Heal Wounds       |     4 |     6 ||    10
  Use: Scroll            |     2 |     6 ||     8
  Eat: Chunk             |     2 |     1 ||     3
Armor: Scale mail        |    20 |       ||    20
       Chain mail        |     4 |       ||     4
       Skin              |     1 |    18 ||    19
Dodge: Dodged            |    33 |    49 ||    82
Block: Shield            |    21 |       ||    21
       Large shield      |    51 |   122 ||   173
